 Dungeon Crawl Stone Soup version 0.25.1-2-g60ff931df9 (webtiles) character file.

Game seed: 11695214680000047279

94 HawFromDerth the Chopper (level 4, 0/41 HPs)
             Began as a Hill Orc Abyssal Knight on Sept 20, 2020.
             Was a Believer of Lugonu.
             Succumbed to an adder's poison
             ... on level 4 of the Dungeon.
             The game lasted 00:03:28 (1903 turns).

HawFromDerth the Chopper (Hill Orc Abyssal Knight)  Turns: 1903, Time: 00:03:29

Health: 0/41       AC:  3    Str: 15    XL:     4   Next: 63%
Magic:  3/5        EV: 11    Int: 12    God:    Lugonu [**....]
Gold:   53         SH:  0    Dex: 10    Spells: 3/3 levels left

rFire    . . .     SeeInvis .   a - +1 hand axe
rCold    . . .     Gourm    .   (no shield)
rNeg     . . .     Faith    .   b - +0 leather armour
rPois    .         Spirit   .   (no helmet)
rElec    .         Reflect  .   (no cloak)
rCorr    .         Harm     .   (no gloves)
MR       .....                  (no boots)
Stlth    +.........             (no amulet)
HPRegen  0.13/turn              (no ring)
MPRegen  0.09/turn              (no ring)

@: lethally poisoned (0 -> -7)
A: no striking features
a: Depart the Abyss, Bend Space, Renounce Religion


You were on level 4 of the Dungeon.
You worshipped Lugonu.
Lugonu was pleased with you.
You were not hungry.

You visited 1 branch of the dungeon, and saw 3 of its levels.
You visited the Abyss 1 time.

You collected 53 gold pieces.

Inventory:

Hand Weapons
 a - a +1 hand axe (weapon)
Armour
 b - a +0 leather armour (worn)
Jewellery
 k - a +6 ring of dexterity {unknown}
Scrolls
 e - 2 scrolls of remove curse {unknown}
 f - a scroll of teleportation {unknown}
 g - a scroll of fear {unknown}
 j - a scroll of immolation {unknown}
 l - a scroll of amnesia {unknown}
 m - a scroll of identify {unknown}
Potions
 d - 2 potions of lignification {unknown}
 i - 2 potions of ambrosia {unknown}
Comestibles
 c - 2 rations
 h - 6 chunks of flesh


   Skills:
 + Level 4.6 Fighting
 + Level 4.7 Axes
 + Level 2.8 Armour
 + Level 0.9 Dodging
 + Level 2.4 Invocations


You had 3 spell levels left.
You didn't know any spells.
Your spell library was empty.

Dungeon Overview and Level Annotations

Branches:
Dungeon (2/15)             Temple (0/1) D:4

Altars:


Message History

You hit the adder.
The adder is moderately wounded.
The adder bites you.
* * * LOW HITPOINT WARNING * * *
You are poisoned.
The adder poisons you!
You hit the adder but do no damage.
The adder is moderately wounded.
You feel sick. The adder bites you.
* * * LOW HITPOINT WARNING * * *
You are lethally poisoned!
The adder poisons you! The adder bites you but does no damage.
Space bends around you!
You blink.
* * * LOW HITPOINT WARNING * * *
You feel sick.
Found a staircase to the Ecumenical Temple.
Unknown command.
Space bends around you!
You blink.
A howler monkey comes into view.
You die...

#.# .# #O#
# #.# #S#
#§# #.# #.#
######.##
.......@#
#####.....#
#..§...h.
#..§§.....#
#.. ..###..
#.. ..# .
##. .## ..
..


You could see an ogre, a howler monkey (asleep) and an adder.

Vanquished Creatures
  An orc wizard (D:4)
  An ooze (D:1)
  3 dart slugs (D:1)
  6 orcs
  3 bats
  A giant cockroach (D:1)
  11 goblins
  6 hobgoblins
  4 ball pythons
  2 frilled lizards
  3 kobolds
  A quokka skeleton (D:4)
  6 rats (D:1)
48 creatures vanquished.

Vanquished Creatures (others)
  2 orcs (D:4)
2 creatures vanquished.

Grand Total: 50 creatures vanquished

Notes
Turn   | Place    | Note
-------+----------+-------------------------------------------
     0 | Abyss:1  | HawFromDerth the Hill Orc Abyssal Knight began the quest
                  | for the Orb.
     0 | Abyss:1  | Reached XP level 1. HP: 19/19 MP: 2/2
     1 | D:1      | Escaped the Abyss
   110 | D:1      | Reached * piety under Lugonu
   137 | D:1      | Reached XP level 2. HP: 27/27 MP: 3/3
   670 | D:1      | Reached XP level 3. HP: 24/34 MP: 4/4
  1371 | D:2      | Reached ** piety under Lugonu
  1609 | D:2      | Reached XP level 4. HP: 41/41 MP: 5/5
  1862 | D:2      | You fall into a shaft and drop 2 floors!
  1889 | D:4      | Noticed an ogre
  1901 | D:4      | Found a staircase to the Ecumenical Temple.
  1903 | D:4      | Succumbed to an adder's poison

Illustrated notes

Levels and vault maps discovered:
D:1:      scummos_arrival_hexagon, layout_loops_corners
D:2:      layout_loops_corners, first_ration
D:4:      layout_loops_ring, xom_confusion_cloud,
          minmay_temple_entry_purple_smoke, nicolae_elemental_shop,
          chequers_hall_statues_wall_a, led_sif_pool

Skill      XL: |  1  2  3 |
---------------+----------+-----
Axes           | 3 4 |  4.7
Fighting       | 4 |  4.6
Armour         | |  2.8
Dodging        | |  0.9
Invocations    | |  2.4

Action                   |  1- 3 |  4- 6 || total
-------------------------+-------+-------++-------
Melee: Hand axe          |   111 |    29 ||   140
Invok: Depart the Abyss  |     1 |       ||     1
       Bend Space        |       |     5 ||     5
  Eat: Chunk             |     2 |     1 ||     3
Armor: Leather armour    |    29 |     8 ||    37
Dodge: Dodged            |    69 |    13 ||    82
